 Dungeon Crawl Stone Soup version 0.29.1-2-gbd0b4ee654 (webtiles) character file.

Game seed: 8387746051790800466

723382 JanusColdHeart the Annihilator (level 27, -7/174 (176) HPs)
             Began as a Tengu Air Elementalist on Nov 8, 2022.
             Was the Champion of Dithmenos.
             Mangled by a cacodemon (9 damage)
             ... in Pandemonium on Nov 11, 2022.
             The game lasted 11:24:29 (150123 turns).

JanusColdHeart the Annihilator (TeAE)             Turns: 150123, Time: 11:24:30

HP:   -7/174 (176)  AC: 21    Str: 14    XL:     27
MP:   7/47          EV: 32    Int: 25    God:    Dithmenos [******]
Gold: 6147          SH:  0    Dex: 30    Spells: 8/65 levels left

rFire   + + +      SeeInvis +   K - +10 demon blade of Traps {spect, rC+ Dex+2 Stlth+}
rCold   + + .      Faith    .   a - +8 tower shield {rPois}
rNeg    + . .      Spirit   .   z - +3 fire dragon scales {Xtahua}
rPois   +          Reflect  +   y - +1 hat of the Old and Reckless {rElec rC+ Will- Dex+4}
rElec   +          Harm     .   k - +1 cloak of Starlight {*Dazzle EV+4 Stlth--}
rCorr   +          Rampage  .   q - +4 pair of gloves "Suduopp" {rPois Int+3}
Will    +....                   (boots unavailable)
Stlth   ..........              o - amulet of Raxzule {Reflect rC+ rCorr Dex+4 SH+5 SInv}
HPRegen 0.39/turn               I - ring of Pragmatism {Wiz rN+}
MPRegen 0.30/turn               j - ring "Erphug" {rPois rF+ Str+3 Int+2}

@: confused, lethally poisoned (-7 -> -9), weakened, flying quickly and
evasively, slowed, wreathed by umbra, studying 3 skills, lightly drained, unable
to read, unable to drink, very slow
A: beak, talons 3, nimble flight, see invisible, agile 1, deformed body, dopey
2, no potion heal 1, inability to drink after injury 1, inability to read after
injury 2
}: 5/15 runes: barnacled, slimy, silver, abyssal, gossamer
a: Renounce Religion, Shadow Step, Shadow Form


You were in Pandemonium.
You worshipped Dithmenos.
Dithmenos was exalted by your worship.
You visited 14 branches of the dungeon, and saw 60 of its levels.
You visited Pandemonium 1 time, and saw 3 of its levels.
You visited the Abyss 3 times.
You also visited: Trove and Bailey.

You collected 10044 gold pieces.
You spent 3897 gold pieces at shops.

Inventory:

Hand Weapons
 B - the +8 eveningstar "Embalmer" {antimagic, rPois rF+}
   (You found it in a treasure trove)

   It reduces the magical energy of the wielder, and disrupts the spells and
   magical abilities of those it strikes.
   Natural abilities and divine invocations are not affected.
   rF:        It protects you from fire.
   rPois:     It protects you from poison.
 E - the +7 demon whip of Crusades {elec, rElec rC+ Stlth+}
   (You found it in a bailey)

   It occasionally discharges a powerful burst of electricity upon striking a
   foe.
   rC:        It protects you from cold.
   rElec:     It insulates you from electricity.
   Stlth:     It makes you more stealthy.
 K - the +10 demon blade of Traps (weapon) {spect, rC+ Dex+2 Stlth+}
   (You found it on level 5 of the Pits of Slime)

   When its wielder attacks, the weapon's spirit leaps out and strikes again.
   The spirit shares a part of any damage it takes with its wielder.
   Dex:       It affects your dexterity (+2).
   rC:        It protects you from cold.
   Stlth:     It makes you more stealthy.
Armour
 a - a +8 tower shield of poison resistance (worn)
 b - +0 gold dragon scales
 g - the +2 pair of gloves "Eclem" {*Slow Str+8 Dex+4 Stlth+}
   (You found it on level 1 of the Lair of Beasts)

   Str:       It affects your strength (+8).
   Dex:       It affects your dexterity (+4).
   *Slow:     It may slow you when you take damage.
   Stlth:     It makes you more stealthy.
 k - the +1 cloak of Starlight (worn) {*Dazzle EV+4 Stlth--}
   (You acquired it on level 13 of the Dungeon)

   It may blind those who miss an attack against the wearer in melee combat.
   EV:        It affects your evasion (+4).
   Stlth:     It makes you much less stealthy.
 q - the +4 pair of gloves "Suduopp" (worn) {rPois Int+3}
   (You bought it in a shop on level 2 of the Orcish Mines)

   Int:       It affects your intelligence (+3).
   rPois:     It protects you from poison.
 y - the +1 hat of the Old and Reckless (worn) {rElec rC+ Will- Dex+4}
   (You found it in a treasure trove)

   Dex:       It affects your dexterity (+4).
   rC:        It protects you from cold.
   rElec:     It insulates you from electricity.
   Will:      It decreases your willpower.
 z - +3 fire dragon scales (worn) {Xtahua}
Jewellery
 j - the ring "Erphug" (right hand) {rPois rF+ Str+3 Int+2}
   (You took it off an orc knight on level 11 of the Dungeon)

   [ring of protection from fire]

   Str:       It affects your strength (+3).
   Int:       It affects your intelligence (+2).
   rF:        It protects you from fire.
   rPois:     It protects you from poison.
 o - the amulet of Raxzule (around neck) {Reflect rC+ rCorr Dex+4 SH+5 SInv}
   (You found it on level 11 of the Dungeon)

   [amulet of reflection]

   It reflects blocked missile attacks.
   Dex:       It affects your dexterity (+4).
   rC:        It protects you from cold.
   SInv:      It lets you see invisible.
   rCorr:     It protects you from acid and corrosion.
   SH:        It affects your SH (+5).
 I - the ring of Pragmatism (left hand) {Wiz rN+}
   (You found it on level 11 of the Dungeon)

   [ring of wizardry]

   It improves your spell success rate.
   rN:        It protects you from negative energy.
 L - a ring of fire
 X - the ring of Yfiloneg {rF++ rC+ Str+6}
   (You bought it in a shop on level 1 of the Dungeon)

   [ring of strength]

   Str:       It affects your strength (+6).
   rF:        It greatly protects you from fire.
   rC:        It protects you from cold.
Wands
 p - a wand of mindburst (21)
 r - a wand of quicksilver (22)
 t - a wand of digging (25)
 x - a wand of charming (27)
 D - a wand of roots (65)
 F - a wand of polymorph (31)
Scrolls
 d - 6 scrolls of silence
 e - 3 scrolls of amnesia
 h - 5 scrolls of enchant armour
 i - 7 scrolls of magic mapping
 l - 18 scrolls of poison
 m - 21 scrolls of teleportation
 u - 16 scrolls of fear
 w - a scroll of butterflies
 G - 4 scrolls of summoning
 Z - 4 scrolls of blinking
Potions
 c - 4 potions of brilliance
 f - 6 potions of heal wounds
 n - 22 potions of curing
 s - 6 potions of resistance
 v - 9 potions of might
 A - 18 potions of ambrosia
 C - 7 potions of cancellation
 H - 4 potions of berserk rage
 O - 8 potions of invisibility
 U - a potion of haste
Miscellaneous
 J - the horn of Geryon (inert)


   Skills:
 + Level 18.9 Fighting
 + Level 1.5(6.3) Short Blades
 * Level 9.8 Long Blades
 + Level 15.9 Maces & Flails
 + Level 0.5(10.4) Staves
 + Level 14.4 Armour
 + Level 18.3 Dodging
 + Level 3.7 Stealth
 + Level 21.0 Shields
 - Level 19.5 Spellcasting
 O Level 27 Conjurations
 + Level 4.7 Summonings
 + Level 11.2 Fire Magic
 + Level 3.0 Ice Magic
 O Level 27 Air Magic
 + Level 9.4 Evocations


You had 8 spell levels left.
You knew the following spells:

 Your Spells              Type           Power      Damage    Failure   Level
a - Shock                 Conj/Air       100%       1d9       0%          1
b - Static Discharge      Conj/Air       100%       3-16/arc  0%          2
c - Airstrike             Air            51%        2d(8-24)  0%          4
d - Iskenderun's Battles  Conj           100%       2d15      0%          5
e - Flame Wave            Conj/Fire      88%        2d19      1%          4
f - Fireball              Conj/Fire      44%        3d18      1%          5
g - Lightning Bolt        Conj/Air       51%        1d72      0%          5
h - Orb of Destruction    Conj           51%        9d13      1%          7
i - Freezing Cloud        Conj/Ice/Air   44%        6-21      1%          5
j - Starburst             Conj/Fire      44%        6d12      1%          6
k - Summon Lightning Spi  Summ/Air       81%        N/A       1%          4
l - Chain Lightning       Conj/Air       51%        3d68      8%          9

Your spell library contained the following spells:

 Spells                   Type           Power      Damage    Failure   Level
 Foxfire                  Conj/Fire      100%       2x1d9     0%          1
 Magic Dart               Conj           100%       1d8       0%          1
 Searing Ray              Conj           100%       2d8       0%          2
 Conjure Flame            Conj/Fire      88%        6-21      0%          3
 Mephitic Cloud           Conj/Pois/Air  85%        N/A       0%          3
 Swiftness                Air            100%       N/A       0%          3
 Freeze                   Ice            100%       1d11      1%          1
 Summon Small Mammal      Summ           100%       N/A       1%          1
 Call Imp                 Summ           48%        N/A       1%          2
 Poisonous Vapours        Pois/Air       100%       N/A       1%          2
 Scorch                   Fire           100%       2d10      1%          2
 Dazzling Flash           Conj/Hex       100%       N/A       1%          3
 Inner Flame              Hex/Fire       51%        N/A       1%          3
 Corpse Rot               Necr/Pois/Air  62%        N/A       1%          4
 Fulminant Prism          Conj/Hex       37%        3d18      1%          4
 Hailstorm                Conj/Ice       79%        3d16      1%          4
 Iskenderun's Mystic Bla  Conj/Tloc      75%        2d15      1%          4
 Sticky Flame             Conj/Fire      88%        2d10      1%          4
 Irradiate                Conj/Tmut      37%        3d24      1%          5
 Silence                  Hex/Air        37%        N/A       1%          5
 Conjure Ball Lightning   Conj/Air       51%        3x3d18    1%          6
 Maxwell's Capacitive Co  Air            51%        ∞         1%          8
 Call Canine Familiar     Summ           48%        N/A       2%          3
 Ignite Poison            Fire/Tmut/Pois 43%        N/A       3%          3
 Apportation              Tloc           48%        N/A       4%          1
 Beastly Appendage        Tmut           48%        N/A       4%          1
 Necrotise                Necr           96%        1d8       4%          1
 Sandblast                Erth           48%        2d12      4%          1
 Slow                     Hex            96%        N/A       4%          1
 Sting                    Tmut/Pois      96%        1d7       4%          1
 Ensorcelled Hibernation  Hex/Ice        64%        N/A       4%          2
 Frozen Ramparts          Ice            78%        1d12      4%          3
 Ozocubu's Armour         Ice            39%        N/A       4%          3
 Summon Guardian Golem    Hex/Summ       36%        N/A       6%          3
 Blink                    Tloc           48%        N/A       8%          2
 Passwall                 Tmut/Erth      20%        N/A       8%          2
 Sublimation of Blood     Necr           24%        N/A       8%          2
 Summon Ice Beast         Ice/Summ       43%        N/A       10%         4
 Gell's Gravitas          Tloc           24%        N/A       16%         3
 Lesser Beckoning         Tloc           24%        N/A       16%         3
 Portal Projectile        Hex/Tloc       48%        N/A       16%         3
 Spider Form              Tmut/Pois      24%        N/A       16%         3
 Teleport Other           Tloc           24%        N/A       16%         3
 Storm Form               Tmut/Air       37%        N/A       16%         7
 Ice Form                 Ice/Tmut       32%        N/A       26%         4
 Anguish                  Hex/Necr       12%        N/A       43%         4
 Animate Dead             Necr           24%        N/A       43%         4
 Dispel Undead            Necr           24%        3d12      43%         4
 Leda's Liquefaction      Hex/Erth       12%        N/A       43%         4
 Olgreb's Toxic Radiance  Pois           24%        N/A       43%         4
 Petrify                  Tmut/Erth      24%        N/A       43%         4
 Metabolic Englaciation   Hex/Ice        16%        N/A       56%         5
 Summon Cactus Giant      Summ           24%        N/A       69%         6
 Agony                    Necr           24%        N/A       77%         5
 Alistair's Intoxication  Tmut/Pois      16%        N/A       77%         5
 Blade Hands              Tmut           12%        N/A       77%         5
 Borgnjor's Vile Clutch   Necr/Erth      12%        N/A       77%         5
 Lee's Rapid Deconstruct  Erth           12%        3d9*      77%         5
 Manifold Assault         Tloc           24%        N/A       77%         5
 Yara's Violent Unravell  Hex/Tmut       12%        3d7       77%         5
 Ignition                 Fire           34%        3d11      95%         8
 Simulacrum               Ice/Necr       16%        N/A       98%         6
 Death Channel            Necr           12%        N/A       99%         6
 Dispersal                Tloc           12%        N/A       99%         6
 Eringya's Noxious Bog    Tmut/Pois      12%        N/A       99%         6
 Statue Form              Tmut/Erth      16%        N/A       99%         6
 Summon Hydra             Summ           24%        N/A       99%         7
 Dragon Form              Tmut           12%        N/A       100%        7
 Haunt                    Necr/Summ      18%        N/A       100%        7
 Malign Gateway           Summ/Tloc      18%        N/A       100%        7
 Ozocubu's Refrigeration  Ice            19%        4d11      100%        7
 Borgnjor's Revivificati  Necr           12%        N/A       100%        8
 Disjunction              Tloc           12%        N/A       100%        8
 Infestation              Necr           12%        N/A       100%        8
 Summon Horrible Things   Summ           24%        N/A       100%        8
 Polar Vortex             Ice            19%        N/A       100%        9


Dungeon Overview and Level Annotations

Branches:
Dungeon (15/15)            Temple (1/1) D:4            Lair (5/5) D:8
 Shoals (4/4) Lair:3       Spider (4/4) Lair:3        Slime (5/5) Lair:5
    Orc (2/2) D:11            Elf (3/3) Orc:2        Vaults (5/5) D:14
  Crypt (3/3) Vaults:3       Tomb (0/3) Crypt:3      Depths (4/4) D:15
   Hell (visited)             Dis (0/7) Hell            Geh (3/7) Hell
    Coc (0/7) Hell            Tar (0/7) Hell            Zot (5/5) Depths:4
 Bailey (visited)

Altars:
Ashenzari
Cheibriados
Dithmenos
Elyvilon
Fedhas
Gozag
Hepliaklqana
Kikubaaqudgha
Makhleb
Nemelex Xobeh
Okawaru
Qazlal
Ru
Sif Muna
Trog
Uskayaw
Vehumet
Wu Jian
Xom
Yredelemnul
Zin
The Shining One
Jiyva

Shops:
D:1 =   D:3 *?=:   D:4 [   D:12 ?   D:14 [   Orc:2 [??*   Elf:3 =   Shoals:4 (
Vaults:1 *[(   Vaults:4 ?

Portals:
Hell: Depths:1 Depths:2 Depths:3 Depths:4
Abyss: Depths:1 Depths:3
Pandemonium: Depths:2
Ziggurat: Depths:4

Annotations:
D:4 Grinder
D:6 1 runed translucent door, caveywoolpert's ghost, novice BaHu
D:12 2 transporters, Garym's ghost, journeyman MiBe
D:14 1 runed translucent door
Lair:2 3 runed translucent doors, caveywoolpert's ghost, journeyman GrEE
Spider:3 1 runed translucent door
Vaults:2 1 runed translucent door, zurenarrh's ghost, adept TrMo
Depths:1 Murray


Innate Abilities, Weirdness & Mutations

You have a beak for a mouth.
You have claws for feet.
Your magical nature lets you fly swiftly and evasively.
You have supernaturally acute eyesight. (SInv)
You are agile. (Dex +4, Str/Int -1)
Armour fits poorly on your strangely shaped body.
You are very dopey. (Int -4)
Potions are less effective at restoring your health.
You occasionally lose the ability to drink potions when taking damage.
You sometimes lose the ability to read scrolls when taking damage.


Message History

Your body is wracked with pain!
* * * LOW HITPOINT WARNING * * *
You are too confused!
You cannot drink potions in your current state!
You feel very sick.
The hellwing is no longer blind.
The hellwing completely misses you. The hellwing closely misses you.
The orange demon completely misses you.
The cacodemon misses you. x2; The orange demon barely misses you.
The hellwing misses you. The hellwing barely misses you.
You bump into the stone wall.
You feel very sick.
The tormentor calls on the powers of darkness!
Your body is wracked with pain!
* * * LOW HITPOINT WARNING * * *
The orange demon completely misses you. The hellwing completely misses you. x2
The cacodemon closely misses you. The cacodemon completely misses you.
The orange demon completely misses you. The sixfirhy completely misses you.
You bump into the stone wall.
You feel sick. The sixfirhy completely misses you. The sixfirhy misses you.
The sixfirhy completely misses you. x2; The orange demon completely misses you.
The cacodemon hits you!
* * * LOW HITPOINT WARNING * * *
You partially resist.
You feel drained.
The cacodemon hits you but does no damage.
The hellwing completely misses you. x2; The orange demon completely misses you.
An orange demon comes into view.
The hellwing completely misses you. The hellwing hits you.
* * * LOW HITPOINT WARNING * * *
You feel your attacks grow feeble. The orange demon completely misses you.
The cacodemon gestures at you.
You are more confused.
The orange demon completely misses you.
You miss the sixfirhy. You claw the sixfirhy.
You peck the sixfirhy, but do no damage.
The sixfirhy is lightly wounded.
Your shadow closely misses the sixfirhy.
* * * LOW HITPOINT WARNING * * *
You feel sick. The orange demon misses you. The cacodemon hits you!
You die...

.......
..........
###........#
......§...#
#3..4§.....
#..§..☼....
#§§4.......
#234.......
#@4§.......
##2§......#
##§.....##
########


You could see a cacodemon (black mark), 3 orange demons, a hellwing (black
mark), a sixfirhy and a tormentor.

Vanquished Creatures
  the Royal Jelly (Slime:5)
  5 dread liches
  6 orbs of fire
  5 ancient liches
  Sojobo (Depths:1)
  Vv (Zot:4)
  3 Killer Klowns
  4 curse toes
  2 pandemonium lords (Pan)
  Xtahua (Vaults:3)
  Geryon (Hell)
  16 golden dragons
  the Enchantress (Depths:1)
  A profane servitor (Crypt:3)
  4 electric golems
  A Brimstone Fiend (Pan)
  3 hellephants
  16 tentacled monstrosities
  7 liches
  25 Orb Guardians
  2 deep elf blademasters
  5 titans
  7 quicksilver dragons
  Asterion (Depths:2)
  Frances (D:14)
  2 deep elf master archers (Elf:3)
  27 acid blobs
  2 walking frostbound tomes (Depths:3)
  3 krakens
  10 death cobs
  2 Executioners (Pan)
  11 ancient champions
  Roxanne (Elf:3)
  19 storm dragons
  5 tentacled starspawn
  3 sphinxes
  10 tengu reavers
  4 draconian monks
  12 shadow dragons
  8 revenants
  Ilsuiw (Shoals:1)
  17 rockslimes
  8 azure jellies
  2 iron dragons
  2 demonspawn warmongers (Pan)
  7 fire giants
  8 deep elf sorcerers
  4 draconian scorchers
  4 draconian knights
  3 emperor scorpions
  17 vault wardens
  Aizul (Vaults:1)
  8 frost giants
  5 draconian shifters
  The ghost of Aryth the Cleaver, a journeyman GnWn of Okawaru (Orc:2)
  10 balrugs
  2 curse skulls
  2 orc warlords
  13 ghost moths
  5 cacodemons
  A war gargoyle (Vaults:2)
  2 ghouls
  A caustic shrike zombie (Crypt:3)
  9 deep elf elementalists (Elf:3)
  12 quicksilver oozes
  5 spriggan defenders
  6 draconian annihilators
  15 ironbound preservers
  3 demonspawn blood saints (Pan)
  A juggernaut skeleton (Depths:3)
  38 very ugly things
  6 draconian stormcallers
  4 demonspawn corrupters (Pan)
  10 reapers
  22 stone giants
  6 black draconians
  8 ironbound thunderhulks
  6 deep elf demonologists
  7 green draconians
  4 demonspawn black suns (Pan)
  6 lorocyprocas
  9 vampire knights
  A rockslime zombie (Crypt:3)
  8 spark wasps
  5 yellow draconians
  9 deep elf annihilators
  10 white draconians
  9 entropy weavers
  7 dire elephants
  6 eidola
  7 red draconians
  7 purple draconians
  A minotaur (Orc:2)
  A spark wasp (shapeshifter) (Vaults:5)
  A crystal guardian (Vaults:2)
  11 deep elf death magi
  3 green deaths (Pan)
  7 ettins
  9 fire dragons
  13 merfolk javelineers
  9 blizzard demons
  A quicksilver dragon zombie (Crypt:2)
  An acid blob zombie (Crypt:1)
  6 merfolk impalers
  8 great orbs of eyes
  A spriggan zombie (Crypt:1)
  38 vault guards
  19 yaktaur captains
  Josephine (D:12)
  A caustic shrike simulacrum (Crypt:3)
  Fannar (Lair:2)
  6 rakshasas
  15 ice dragons
  9 jiangshi
  5 deep elf high priests
  11 boulder beetles
  2 salamander tyrants (Geh:1)
  2 spriggan skeletons (Crypt:3)
  2 peacekeepers
  2 stokers
  A radroach (Spider:1)
  2 jorogumos
  3 catoblepae (Lair:5)
  11 ironbound frosthearts
  9 spriggan air magi
  5 alligator snapping turtles
  7 hydras
  An ogre mage (Vaults:5)
  2 merfolk avatars (Shoals:4)
  14 two-headed ogres
  22 death yaks
  2 merfolk aquamancers
  The ghost of Domino the Fighter, a novice MiBe of Trog (D:8)
  5 centaur warriors
  2 alligators (Shoals:4)
  Erica (Lair:2)
  9 deep troll shamans
  2 death knights
  22 hell hogs
  2 tengu warriors (Depths:4)
  4 satyrs
  2 death scarabs
  A fenstrider witch skeleton (Crypt:2)
  An orc high priest (Orc:2)
  28 dancing weapons
  10 spriggan berserkers
  10 vampire magi
  15 deep elf knights
  4 thrashing horrors
  Urug (Lair:2)
  11 hell knights
  A storm dragon zombie (Crypt:1)
  11 deep troll earth magi
  22 sun demons
  Sonja (Orc:2)
  The ghost of t4s4d4r the Martial Artist, a novice OpTm of Gozag (D:8)
  22 soul eaters
  7 wretched stars
  22 skeletal warriors
  9 iron trolls
  2 sun moths
  A bunyip zombie (Crypt:3)
  9 shadow wraiths
  Lodul (D:14)
  The ghost of Seraphu the Geomancer, a novice GrEE of Zin (D:8)
  Nergalle (Orc:1)
  6 flayed ghosts
  A golden dragon zombie (Vaults:3)
  9 sixfirhies
  A goliath frog (Shoals:4)
  A goliath frog (shapeshifter) (Depths:3)
  13 sea snakes
  An anaconda zombie (Crypt:1)
  6 steelbarb worms
  A ghost moth zombie (Crypt:1)
  59 deep trolls
  6 pharaoh ants
  2 tengu zombies (Depths:3)
  10 orb spiders
  2 bog bodies (Crypt:2)
  A kraken simulacrum (Hell)
  2 glowing orange brains
  11 lindwurms
  2 shadow demons (Pan)
  An orb spider (shapeshifter) (Depths:2)
  The ghost of decrepitude the Transmogrifier, a novice OpTm of Vehumet (D:8)
  An anaconda skeleton (Crypt:1)
  14 deep elf archers
  9 necromancers
  5 wizards
  23 harpies
  4 shining eyes
  2 oklob plants (Shoals:2)
  15 phantasmal warriors
  32 deep elf zephyrmancers
  Pikel (D:6)
  18 ironbound convokers
  18 orc knights
  34 deep elf pyromancers
  A fire giant zombie (Vaults:5)
  32 ugly things
  12 manticores
  9 cyclopes
  15 fauns
  17 wolf spiders
  Maurice (D:9)
  28 moths of wrath
  5 black mambas
  10 merfolk sirens
  A centaur zombie (Crypt:1)
  4 elephants
  4 eyes of devastation
  7 water nymphs
  An alligator snapping turtle zombie (Crypt:3)
  2 ice statues (Hell)
  2 rust devils
  7 torpor snails
  18 vault sentinels
  An eye of devastation (shapeshifter) (Vaults:5)
  8 cane toads
  12 large abominations
  4 smoke demons
  5 gargoyles
  2 dire elephant skeletons
  Maggie (D:7)
  2 orange demons
  5 molten gargoyles
  3 rime drakes
  A centaur skeleton (Crypt:1)
  25 demonic crawlers
  9 unseen horrors
  15 komodo dragons
  7 tormentors
  5 kobold demonologists
  32 yaktaurs
  A death yak zombie (Crypt:3)
  2 sea snake zombies (Hell)
  13 freezing wraiths
  3 ancient zymes
  A tengu conjurer (D:11)
  2 harpy zombies (Hell)
  2 white draconian skeletons (Crypt:3)
  4 sea snake skeletons
  9 trolls
  2 elf skeletons
  A merfolk (shapeshifter) (Depths:2)
  31 merfolk
  A polar bear (Lair:1)
  A wind drake (shapeshifter) (D:10)
  97 slime creatures
  4 raiju
  6 wind drakes
  A harpy skeleton (Hell)
  9 hornets
  12 snapping turtles
  22 tarantellas
  A blink frog (shapeshifter) (D:15)
  20 blink frogs
  7 dream sheep
  An ettin zombie (Crypt:3)
  3 hydra skeletons (Hell)
  2 human simulacra (Vaults:3)
  A radroach zombie (Crypt:2)
  A centaur simulacrum (D:14)
  13 culicivoras
  22 jumping spiders
  5 shadows
  12 starcursed masses (Abyss:3)
  8 ynoxinuls (Pan)
  5 spriggans
  2 air elementals
  9 water elementals
  2 fire elementals
  16 wraiths
  56 yaks
  An ettin skeleton (Vaults:3)
  5 wyverns
  A golden eye (shapeshifter) (Vaults:5)
  A human (shapeshifter) (D:13)
  5 basilisks
  7 vampires
  77 redbacks
  3 steam dragons
  2 golden eyes (Slime:5)
  15 vampire mosquitoes
  2 chaos spawn
  2 fire bat zombies (Crypt:2)
  2 harpy simulacra (Hell)
  12 wargs
  Menkaure (D:4)
  A faun zombie (Crypt:1)
  5 hell hounds
  An acid dragon (D:10)
  A hydra simulacrum (Hell)
  Duvessa (D:5)
  2 naga skeletons
  13 water moccasins
  A floating eye (shapeshifter) (Depths:1)
  A floating eye (Depths:3)
  47 orc warriors
  A fire dragon simulacrum (Crypt:1)
  A sky beast (D:8)
  A black bear (Lair:1)
  3 ice beasts
  13 ogres
  A tengu (shapeshifter) (Vaults:5)
  3 boggarts (Vaults:3)
  A human zombie (Vaults:5)
  A snapping turtle skeleton (Crypt:3)
  46 wolves
  9 centaurs
  4 lemures (D:6)
  10 small abominations
  2 phantoms
  13 kobold brigands
  Blork the orc (D:5)
  A necrophage (D:5)
  2 scorpions
  13 bullfrogs
  3 gnoll sergeants
  2 yaktaur skeletons
  A wight (D:10)
  Dowan (D:5)
  6 killer bees
  10 electric eels
  A howler monkey (D:10)
  4 jellies
  2 quasits
  A black bear zombie (Crypt:3)
  3 hounds
  Crazy Yiuf (D:6)
  A bullfrog skeleton (Crypt:1)
  11 orc priests
  3 iguanas (D:7)
  22 orc wizards
  A black bear skeleton (Crypt:3)
  13 gnolls
  3 adders
  A shadow imp (D:6)
  4 white imps
  An ufetubus (D:4)
  2 worms
  12 dart slugs
  70 orcs
  3 endoplasms
  5 giant cockroaches
  5 hobgoblins
  2 jackals (D:4)
  A quokka (D:3)
  5 ball pythons
  2 bats
  2 frilled lizards
  9 goblins
  2 goblin zombies (Crypt:2)
  21 kobolds
  A rat (D:3)
  3 creeping infernos
  14 fire vortices
  A starspawn tentacle (Abyss:2)
  A tentacle (Shoals:1)
2742 creatures vanquished.

Vanquished Creatures (collateral kills)
  A Killer Klown (Zot:2)
  A golden dragon (Depths:2)
  2 acid blobs
  2 ancient champions
  A death cob (Zot:4)
  2 revenants (Crypt:1)
  A reaper (Hell)
  A vampire knight (Crypt:1)
  2 red draconians (Zot:2)
  A purple draconian (Zot:3)
  2 jiangshi
  A death knight (Crypt:1)
  6 skeletal warriors
  A phantasmal warrior (Crypt:2)
  A shining eye (Slime:2)
  A moth of wrath (Zot:5)
  A naga zombie (Crypt:1)
  11 slime creatures
  A floating eye zombie (Crypt:1)
  A necrophage (Crypt:2)
  A ball lightning (Depths:2)
  A fire vortex (Geh:2)
42 creatures vanquished.

Vanquished Creatures (others)
  Mara (Depths:1)
  A fire giant (Geh:3)
  Nessos (Orc:2)
  A red draconian (Zot:3)
  An ogre mage (Vaults:2)
  A sun demon (Pan)
  A deep elf knight (Elf:2)
  3 water elementals (Depths:1)
  A quasit (Abyss:4)
  7 ball lightnings
  9 demonic plants (Abyss:4)
  30 fungi
  134 plants
  10 starspawn tentacles
  16 tentacles
  5 toadstools (D:9)
  15 withered plants (Crypt:3)
237 creatures vanquished.

Grand Total: 3021 creatures vanquished

Notes
Turn   | Place    | Note
-------+----------+-------------------------------------------
     0 | D:1      | JanusColdHeart the Tengu Air Elementalist began the quest
                  | for the Orb.
     0 | D:1      | Reached XP level 1. HP: 10/10 MP: 4/4
   286 | D:1      | Found Qorun's Jewellery Boutique.
   614 | D:2      | Reached XP level 2. HP: 15/15 MP: 0/6
   673 | D:1      | Learned a level 2 spell: Static Discharge
   862 | D:2      | Reached skill level 5 in Air Magic
  1010 | D:2      | Reached XP level 3. HP: 19/19 MP: 4/7
  1650 | D:3      | Found Upofig's Jewellery Boutique.
  1713 | D:3      | Found Nuafu's Assorted Antiques.
  1727 | D:3      | Found Ocleop's Magic Scroll Emporium.
  1740 | D:3      | Bought a scroll of identify for 20 gold pieces
  1740 | D:3      | Bought a scroll of identify for 20 gold pieces
  1740 | D:3      | Bought a scroll of enchant weapon for 75 gold pieces
  1905 | D:3      | Reached XP level 4. HP: 23/24 MP: 5/8
  2140 | D:3      | Found a faded altar of an unknown god.
  2258 | D:3      | Found Doasal's Book Boutique.
  2543 | D:4      | Found a staircase to the Ecumenical Temple.
  2550 | Temple   | Entered the Ecumenical Temple
  2582 | Temple   | Became a worshipper of Dithmenos the Shadowed
  2658 | D:4      | Noticed Grinder
  2850 | D:5      | Entered Level 5 of the Dungeon
  2873 | D:5      | Gained mutation: Your magical nature lets you fly swiftly
                  | and evasively. [Tengu growth]
  2873 | D:5      | Reached XP level 5. HP: 15/28 MP: 2/10
  3178 | D:5      | Noticed a kobold brigand
  3225 | D:4      | Reached XP level 6. HP: 33/33 MP: 7/12
  3310 | D:4      | Found Anne's Antique Armour Boutique.
  3542 | D:5      | Noticed Blork the orc
  3592 | D:5      | Noticed Dowan
  3710 | D:4      | Noticed Menkaure
  3754 | D:4      | Paralysed by Grinder for 3 turns
  3865 | D:5      | Found a glowing silver altar of Zin.
  4365 | D:5      | Noticed Duvessa
  4540 | D:6      | Found a runed translucent door.
  4546 | D:6      | Noticed caveywoolpert's ghost (novice BaHu)
  4558 | D:6      | Reached * piety under Dithmenos
  4559 | D:6      | Reached XP level 7. HP: 19/37 MP: 9/14
  5525 | D:6      | Reached skill level 1 in Armour
  5738 | D:6      | Found a runed translucent door.
  5739 | D:6      | Noticed Crazy Yiuf
  6224 | D:6      | Learned a level 4 spell: Airstrike
  6324 | D:7      | Reached XP level 8. HP: 42/42 MP: 10/16
  6516 | D:7      | Reached skill level 5 in Spellcasting
  6588 | D:7      | Noticed Maggie
  6607 | D:7      | Reached skill level 1 in Short Blades
  6607 | D:7      | Reached skill level 10 in Air Magic
  6954 | D:6      | Noticed Pikel
  7150 | D:4      | Killed Menkaure
  7159 | D:4      | Reached ** piety under Dithmenos
  7409 | D:5      | Killed Duvessa
  7410 | D:5      | Reached skill level 1 in Fighting
  7415 | D:5      | Killed Dowan
  7562 | D:5      | Killed Blork the orc
  7563 | D:5      | Reached XP level 9. HP: 48/48 MP: 8/19
  7779 | D:6      | Killed Pikel
  7780 | D:6      | Reached skill level 1 in Shields
  7780 | D:6      | Reached skill level 5 in Conjurations
  7912 | D:6      | Killed Crazy Yiuf
  8085 | D:7      | Killed Maggie
  9077 | D:8      | Noticed a death yak
  9080 | D:8      | Noticed a death yak
  9080 | D:8      | Noticed a death yak
  9081 | D:8      | Noticed a death yak
  9081 | D:8      | Noticed a death yak
  9123 | D:8      | Reached XP level 10. HP: 47/53 MP: 21/23
  9215 | D:8      | Found a runed translucent gate.
  9215 | D:8      | Noticed decrepitude's ghost (novice OpTm)
  9216 | D:8      | Found a runed translucent gate.
  9264 | D:8      | Found a flagged portal.
  9290 | D:8      | Found a runed translucent gate.
  9292 | D:8      | Noticed Domino's ghost (novice MiBe)
  9320 | D:8      | Killed a death yak
  9349 | D:8      | Noticed t4s4d4r's ghost (novice OpTm)
  9349 | D:8      | Noticed Seraphu's ghost (novice GrEE)
  9421 | Bailey   | Entered a bailey
  9441 | Bailey   | Reached *** piety under Dithmenos
  9736 | Bailey   | Noticed an orc knight
  9746 | Bailey   | Killed an orc knight
 10296 | Bailey   | Found an iron altar of Okawaru.
 10309 | Bailey   | Identified the +7 demon whip of Crusades {elec, rElec rC+
                  | Stlth+}
 10368 | D:8      | Found a staircase to the Lair.
 10410 | D:7      | Killed a death yak
 10411 | D:7      | Reached skill level 5 in Shields
 10411 | D:7      | Reached skill level 10 in Spellcasting
 10675 | D:8      | Noticed a two-headed ogre
 10679 | D:8      | Reached XP level 11. HP: 58/58 MP: 22/26
 10696 | D:8      | Killed a two-headed ogre
 11081 | D:8      | Killed a death yak
 11082 | D:8      | Reached skill level 1 in Maces & Flails
 11082 | D:8      | Reached skill level 5 in Dodging
 11177 | D:7      | Killed a death yak
 11258 | D:8      | Killed a death yak
 11487 | D:9      | Found a stormy altar of Qazlal.
 11528 | D:9      | Found an opulent altar of Gozag.
 11529 | D:9      | Found an ancient bone altar of Kikubaaqudgha.
 11529 | D:9      | Found a radiant altar of Vehumet.
 11530 | D:9      | Found a glowing golden altar of the Shining One.
 11841 | D:9      | Noticed Maurice
 11853 | D:9      | Killed Maurice
 11914 | D:9      | Learned a level 5 spell: Iskenderun's Battlesphere
 12278 | D:9      | Reached **** piety under Dithmenos
 12491 | D:10     | Entered Level 10 of the Dungeon
 12923 | D:10     | Noticed a centaur warrior
 13409 | D:3      | Bought 3 brown potions for 64 gold pieces
 13420 | D:3      | Bought a scroll of enchant armour for 75 gold pieces
 13516 | D:8      | Learned a level 4 spell: Flame Wave
 13523 | Lair:1   | Entered Level 1 of the Lair of Beasts
 13587 | Lair:1   | Reached skill level 10 in Conjurations
 13588 | Lair:1   | Reached skill level 1 in Fire Magic
 13594 | Lair:1   | Reached XP level 12. HP: 60/64 MP: 14/28
 14731 | Lair:1   | Identified the +2 pair of gloves "Eclem" {*Slow Str+8 Dex+4
                  | Stlth+}
 14850 | Lair:2   | Noticed Urug
 15125 | D:10     | Noticed a two-headed ogre
 15316 | Lair:2   | Noticed an eight-headed hydra
 15322 | Lair:2   | Killed an eight-headed hydra
 15322 | Lair:2   | Noticed Fannar
 16672 | D:10     | Killed a two-headed ogre
 16713 | D:10     | Killed a centaur warrior
 16859 | D:10     | Noticed a two-headed ogre
 16862 | D:10     | Killed a two-headed ogre
 17026 | D:10     | Reached skill level 5 in Fire Magic
 17627 | D:11     | Reached XP level 13. HP: 72/72 MP: 24/30
 17795 | D:11     | Reached skill level 5 in Fighting
 17934 | D:11     | Found a staircase to the Orcish Mines.
 18100 | D:11     | Learned a level 5 spell: Fireball
 18101 | Orc:1    | Entered Level 1 of the Orcish Mines
 18355 | Orc:1    | Reached ***** piety under Dithmenos
 18366 | Orc:1    | Noticed an ettin
 18371 | Orc:1    | Killed an ettin
 18468 | Orc:1    | Noticed Nergalle
 18472 | Orc:1    | Killed Nergalle
 18686 | Orc:2    | Entered Level 2 of the Orcish Mines
 18701 | Orc:2    | Reached skill level 5 in Maces & Flails
 18947 | Orc:2    | Noticed Nessos
 19411 | Lair:2   | Killed Urug
 19421 | Lair:2   | Identified the +5 flail of Uczil {vorpal, Str+9 Int-2
                  | Stlth+}
 20348 | Lair:3   | Found a staircase to the Shoals.
 20743 | Lair:3   | Found a hole to the Spider Nest.
 20917 | Lair:3   | Learned a level 6 spell: Conjure Ball Lightning
 21258 | Lair:3   | Reached XP level 14. HP: 78/80 MP: 21/31
 21892 | Lair:2   | Found a runed translucent gate.
 21892 | Lair:2   | Found a runed translucent gate.
 21892 | Lair:2   | Found a runed translucent gate.
 21895 | Lair:2   | Noticed caveywoolpert's ghost (journeyman GrEE)
 21896 | Lair:2   | Found the +5 lochaber axe {reach-cleave, poleaxe}
 22030 | Lair:2   | Killed Fannar
 22099 | Lair:2   | Noticed Erica
 22103 | Lair:2   | Killed Erica
 22937 | Lair:2   | Reached skill level 10 in Dodging
 24437 | D:3      | Bought a polished scale mail for 216 gold pieces
 24437 | D:3      | Identified the +0 scale mail "Gaonup" {+Inv} (You bought it
                  | in a shop on level 3 of the Dungeon)
 24657 | D:1      | Bought the ring of Yfiloneg {rF++ rC+ Str+6} for 877 gold
                  | pieces
 24658 | D:1      | Bought a ring of see invisible for 195 gold pieces
 25462 | D:12     | Reached ****** piety under Dithmenos
 25888 | D:12     | Noticed Josephine
 26060 | D:12     | Found Pecikh's Magic Scroll Boutique.
 26081 | D:12     | Killed Josephine
 26089 | D:12     | Reached skill level 15 in Conjurations
 26160 | D:12     | Bought a scroll of teleportation for 39 gold pieces
 26160 | D:12     | Bought a scroll of teleportation for 39 gold pieces
 26160 | D:12     | Bought a scroll of teleportation for 39 gold pieces
 26199 | D:12     | Found a transporter.
 26241 | D:12     | Noticed Garym's ghost (journeyman MiBe)
 26261 | D:12     | Found a transporter.
 26350 | D:12     | Identified the +1 buckler of Xolel {rCorr Dex+5}
 27063 | D:13     | Reached XP level 15. HP: 66/89 MP: 6/32
 28376 | D:11     | Identified the ring "Erphug" {rPois rF+ Str+3 Int+2}
 28618 | D:11     | Identified the amulet "Kayd" {RegenMP Rampage rPois}
 28621 | D:11     | Identified the amulet of Raxzule {Reflect rC+ rCorr Dex+4
                  | SH+5 SInv}
 28630 | D:11     | Identified the ring of Pragmatism {Wiz rN+}
 28780 | D:11     | Learned a level 7 spell: Orb of Destruction
 29750 | Lair:5   | Entered Level 5 of the Lair of Beasts
 30528 | Lair:5   | Found a staircase to the Slime Pits.
 31624 | Orc:2    | Killed Nessos
 31878 | Orc:2    | Found a runed translucent gate.
 31879 | Orc:2    | Found a runed translucent gate.
 31880 | Orc:2    | Found a runed translucent gate.
 32110 | Orc:2    | Found Bymal's General Store.
 32110 | Orc:2    | Found Afyq's Magic Scroll Emporium.
 32441 | Orc:2    | Found Avaxko's Magic Scroll Shop.
 32441 | Orc:2    | Found Caassag's Antique Armour Emporium.
 32544 | Orc:2    | Reached XP level 16. HP: 85/97 MP: 25/33
 32642 | Orc:2    | Reached skill level 10 in Fighting
 32925 | Orc:2    | Bought a shimmering scale mail for 297 gold pieces
 32925 | Orc:2    | Identified the +6 scale mail of Oblivion {Int-4 Dex+5} (You
                  | bought it in a shop on level 2 of the Orcish Mines)
 33059 | Orc:2    | Noticed Sonja
 33064 | Orc:2    | Killed Sonja
 33403 | Orc:2    | Found a staircase to the Elven Halls.
 33465 | Orc:2    | Noticed Aryth's ghost (journeyman GnWn)
 34867 | D:14     | Found a gate to the Vaults.
 34911 | D:14     | Noticed Lodul
 34921 | D:14     | Killed Lodul
 35174 | D:14     | Found Ifaibbue's Antique Armour Shop.
 35306 | D:14     | Noticed Frances
 35940 | Spider:1 | Entered Level 1 of the Spider Nest
 37795 | Spider:1 | Reached skill level 5 in Armour
 38617 | Spider:1 | Reached XP level 17. HP: 103/103 MP: 29/34
 39289 | Spider:1 | Reached skill level 10 in Maces & Flails
 40374 | Shoals:1 | Entered Level 1 of the Shoals
 41928 | Spider:1 | Reached skill level 15 in Air Magic
 45102 | Spider:3 | Found a runed translucent door.
 46150 | Shoals:1 | Noticed a kraken
 46219 | Shoals:2 | Noticed Ilsuiw
 46226 | Shoals:1 | Reached XP level 18. HP: 82/112 MP: 19/35
 46699 | Shoals:1 | Killed Ilsuiw
 50825 | Spider:4 | Entered Level 4 of the Spider Nest
 52296 | Spider:4 | Identified the +5 trident "Pendulum" {vorpal, rCorr Dex+3}
 53051 | Spider:4 | Got a gossamer rune of Zot
 53673 | D:14     | Killed Frances
 54000 | D:14     | Found a runed translucent door.
 54281 | Vaults:1 | Entered Level 1 of the Vaults
 54673 | Shoals:4 | Entered Level 4 of the Shoals
 54985 | Shoals:4 | Reached XP level 19. HP: 113/118 MP: 11/37
 55177 | Shoals:4 | Found the +10 Black Knight's barding {ponderous, rPois rN+}
 55794 | Shoals:4 | Found Zyde's Weapon Shoppe.
 56175 | Shoals:4 | Identified the ring "Ylie" {Wiz rCorr Str+4 Stlth+}
 58428 | Shoals:4 | Got a barnacled rune of Zot
 59924 | Vaults:1 | Found Jaysieg's General Store.
 59932 | Vaults:1 | Bought a potion of brilliance for 72 gold pieces
 59932 | Vaults:1 | Bought a potion of might for 72 gold pieces
 60053 | Vaults:1 | Found Bofuvaol's Antique Weapon Shop.
 60082 | Vaults:1 | Found Inaih's Antique Armour Shop.
 60087 | Vaults:1 | Bought an embroidered cloak for 292 gold pieces
 60087 | Vaults:1 | Bought a runed tower shield for 292 gold pieces
 60331 | Vaults:1 | Noticed Aizul
 60336 | Vaults:1 | Killed Aizul
 61666 | D:15     | Entered Level 15 of the Dungeon
 62998 | D:15     | Reached XP level 20. HP: 126/126 MP: 28/39
 63068 | D:15     | Found a staircase to the Depths.
 65615 | Vaults:2 | Identified the +9 quarterstaff "Spider's Bane" {vorpal,
                  | rF++ Will+ MP-9}
 65942 | Vaults:2 | Found a runed translucent door.
 65942 | Vaults:2 | Found a shimmering altar of Xom.
 65942 | Vaults:2 | Identified the +5 war axe of Dullness {chaos, Str+4}
 65942 | Vaults:2 | Noticed zurenarrh's ghost (adept TrMo)
 66693 | Vaults:3 | Reached skill level 15 in Spellcasting
 68238 | Vaults:3 | Noticed Xtahua
 68606 | Vaults:4 | Reached skill level 15 in Fighting
 69106 | Vaults:4 | Reached XP level 21. HP: 127/134 MP: 41/41
 70344 | Vaults:4 | Found Punaqe's Magic Scroll Boutique.
 70356 | Vaults:4 | Reached skill level 15 in Dodging
 70487 | Vaults:4 | Bought 3 scrolls of blinking for 540 gold pieces
 70487 | Vaults:4 | Bought a scroll of blinking for 180 gold pieces
 70487 | Vaults:4 | Bought a scroll of blinking for 180 gold pieces
 70591 | Vaults:4 | Identified the +5 flail of Trog's Outrage {vorpal, Stlth+}
 71546 | Vaults:3 | Learned a level 5 spell: Freezing Cloud
 72072 | Vaults:3 | Found a staircase to the Crypt.
 72512 | Elf:1    | Entered Level 1 of the Elven Halls
 72548 | Elf:1    | Reached skill level 1 in Evocations
 72564 | Elf:1    | Found a radiant altar of Vehumet.
 74714 | Elf:2    | Reached XP level 22. HP: 141/141 MP: 43/43
 74724 | Elf:2    | Found a runed translucent gate.
 74724 | Elf:2    | Found a runed translucent gate.
 74727 | Elf:2    | Found a runed translucent gate.
 75182 | Elf:3    | Entered Level 3 of the Elven Halls
 75907 | Elf:3    | Found Jecsaet's Jewellery Shop.
 75910 | Elf:3    | Noticed Roxanne
 75920 | Elf:3    | Killed Roxanne
 76485 | Abyss:2  | Cast into level 2 of the Abyss (a deep elf demonologist)
 76654 | Elf:3    | Escaped the Abyss
 77099 | Elf:3    | Reached skill level 5 in Evocations
 77414 | Elf:3    | Reached skill level 10 in Fire Magic
 77489 | Elf:3    | Identified the +5 quarterstaff of Amirogux {freeze, rPois
                  | Int+6}
 78150 | Elf:3    | Identified the +4 falchion "Inu Itam" {elec, *Noise Str+6}
 78404 | Elf:3    | Identified the ring "Sitounlo" {Fire rPois Str+2 Dex+3}
 78418 | Elf:3    | Got the Tractate on Poison
 78455 | Elf:3    | Got the Grimoire of Exhumation
 78464 | Elf:3    | Identified the +8 glaive of Resourcefulness {protect, rPois
                  | rF- rCorr SInv}
 78478 | Elf:3    | Identified the +9 war axe of Weum Ojo {speed, rF+}
 78498 | Elf:3    | Learned a level 6 spell: Starburst
 80211 | Depths:1 | Entered Level 1 of the Depths
 80214 | Depths:1 | Found the +8 storm bow {elec, penet}
 81090 | Depths:1 | Reached XP level 23. HP: 131/147 MP: 17/45
 81834 | Depths:1 | Found a glowing silver altar of Zin.
 81834 | Depths:1 | Found a glowing golden altar of the Shining One.
 81834 | Depths:1 | Found a white marble altar of Elyvilon.
 81868 | Depths:1 | Noticed Mara
 81875 | Depths:1 | Noticed JanusColdHeart's illusion
 81915 | Depths:1 | Noticed JanusColdHeart's illusion
 81925 | Depths:1 | Killed Mara
 82282 | Depths:1 | Found a one-way gate to the infinite horrors of the Abyss.
 82300 | Depths:1 | Noticed Sojobo
 82313 | Depths:1 | Killed Sojobo
 82578 | Depths:1 | Found a gateway to Hell.
 83065 | Depths:1 | Noticed the Enchantress
 83075 | Depths:1 | Killed the Enchantress
 83924 | Depths:1 | Reached skill level 10 in Shields
 84802 | Slime:1  | Entered Level 1 of the Pits of Slime
 84839 | Slime:1  | Reached skill level 10 in Armour
 85374 | Depths:1 | Voluntarily entered the Abyss.
 85391 | Abyss:2  | Found a shimmering blue altar of Sif Muna.
 85541 | Abyss:3  | Found a corrupted altar of Lugonu.
 85575 | Abyss:3  | Noticed an ancient lich
 85822 | Abyss:3  | Got an abyssal rune of Zot
 86028 | Abyss:3  | Noticed an ancient lich
 86035 | Depths:1 | Escaped the Abyss
 86589 | Depths:2 | Found a one-way gate leading to the halls of Pandemonium.
 87332 | Depths:2 | Noticed Asterion
 87354 | Depths:2 | Killed Asterion
 89070 | Depths:2 | Reached XP level 24. HP: 105/145 MP: 25/46
 90734 | Depths:3 | Paralysed by a floating eye for 2 turns
 92018 | Depths:3 | Found an ornate altar of the Wu Jian Council.
 92519 | Depths:3 | Identified the +8 triple sword of Teapp {flame, Dex+2}
 93103 | Depths:3 | Found a portal to a secret trove of treasure.
 93467 | Depths:4 | Entered Level 4 of the Depths
 94042 | Depths:4 | Found a gate to the Realm of Zot.
 95186 | Depths:4 | Found a one-way gateway to a ziggurat.
 96278 | Hell     | Entered the Vestibule of Hell
 96278 | Hell     | Noticed Geryon
 96289 | Hell     | Noticed Murray
 96292 | Hell     | HP: 6/150 [reaper/+2 scythe of venom (30)]
 98028 | Vaults:5 | Entered Level 5 of the Vaults
 98035 | Vaults:5 | Reached XP level 25. HP: 154/159 MP: 29/47
100502 | Vaults:5 | Got a silver rune of Zot
100505 | Vaults:5 | Got the Lectures on the Arenous Comitatus
100523 | Vaults:5 | Identified the +9 dagger "Hell-Harrower" {vorpal, rN+
                  | rCorr}
100530 | Vaults:5 | Got the Parchment of the Chill and Attacks
100777 | Vaults:5 | Noticed an ancient lich
100783 | Vaults:5 | Killed an ancient lich
101567 | Vaults:5 | Got the Tome of Reformation and Bewitchment
102106 | Vaults:4 | Learned a level 4 spell: Summon Lightning Spire
102271 | D:13     | Learned a level 5 spell: Lightning Bolt
102281 | D:13     | Learned a level 9 spell: Chain Lightning
102529 | Crypt:1  | Entered Level 1 of the Crypt
102904 | Zot:1    | Entered Level 1 of the Realm of Zot
104600 | Zot:2    | Noticed an orb of fire
105274 | Zot:2    | Reached skill level 1 in Summonings
105278 | Zot:2    | Noticed a Killer Klown
105289 | Zot:2    | Gained mutation: You have hidden genetic defects. [an orb
                  | of fire]
105291 | Zot:2    | Gained mutation: You are weak. (Str -2) [an orb of fire]
105928 | Depths:4 | Reached XP level 26. HP: 44/165 MP: 44/47
107589 | Vaults:3 | Killed Xtahua
108333 | Crypt:1  | Gained mutation: You occasionally shout uncontrollably at
                  | your foes. [hidden defects]
111276 | Crypt:2  | Gained mutation: You are frail. (-10% HP) [hidden defects]
111276 | Crypt:2  | Lost mutation: You have hidden genetic defects. [hidden
                  | defects expressed]
111980 | D:13     | Lost mutation: You are frail. (-10% HP) [potion of
                  | mutation]
111980 | D:13     | Lost mutation: You occasionally shout uncontrollably at
                  | your foes. [potion of mutation]
111980 | D:13     | Lost mutation: You are weak. (Str -2) [potion of mutation]
111980 | D:13     | Gained mutation: You possess an exceptional clarity of
                  | mind. [potion of mutation]
111980 | D:13     | Gained mutation: You have a pair of small antennae on your
                  | head. [potion of mutation]
111980 | D:13     | Gained mutation: You expend magic power (3 MP) to
                  | strengthen your wands. [potion of mutation]
112995 | Zot:2    | Noticed a Killer Klown
112999 | Zot:2    | Killed a Killer Klown
113000 | Zot:2    | Reached skill level 15 in Shields
113418 | Zot:2    | Killed a Killer Klown
113560 | Zot:2    | Identified a scroll of acquirement
115003 | Zot:3    | You are sucked into a shaft and drop 1 floor!
115258 | Zot:4    | Noticed an orb of fire
115259 | Zot:4    | Noticed an orb of fire
115766 | Zot:2    | Gained mutation: Your spells are a little easier to cast,
                  | but a little less powerful. [an orb of fire]
115768 | Zot:2    | Gained mutation: You are frail. (-10% HP) [an orb of fire]
115769 | Zot:2    | Killed an orb of fire
116430 | D:13     | Lost mutation: You expend magic power (3 MP) to strengthen
                  | your wands. [potion of mutation]
116430 | D:13     | Lost mutation: You have a pair of small antennae on your
                  | head. [potion of mutation]
116430 | D:13     | Lost mutation: You possess an exceptional clarity of mind.
                  | [potion of mutation]
116430 | D:13     | Gained mutation: You are dopey. (Int -2) [potion of
                  | mutation]
116430 | D:13     | Gained mutation: You are strong-willed. (Will+) [potion of
                  | mutation]
116431 | D:13     | Lost mutation: You are dopey. (Int -2) [potion of mutation]
116431 | D:13     | Lost mutation: You are strong-willed. (Will+) [potion of
                  | mutation]
116431 | D:13     | Gained mutation: You are resistant to electric shocks.
                  | (rElec) [potion of mutation]
116431 | D:13     | Gained mutation: You passively map a small area around you.
                  | [potion of mutation]
116432 | D:13     | Lost mutation: You passively map a small area around you.
                  | [potion of mutation]
116432 | D:13     | Lost mutation: You are frail. (-10% HP) [potion of
                  | mutation]
116432 | D:13     | Gained mutation: You have a pair of small antennae on your
                  | head. [potion of mutation]
116432 | D:13     | Gained mutation: Your muscles are strong. (Str +4, Int/Dex
                  | -1) [potion of mutation]
117179 | Zot:2    | Reached XP level 27. HP: 121/172 MP: 26/47
118330 | Zot:4    | Gained mutation: You occasionally lose the ability to read
                  | scrolls when taking damage. [an orb of fire]
119697 | Crypt:3  | Entered Level 3 of the Crypt
120710 | Depths:1 | Reached skill level 27 in Conjurations
122017 | Slime:2  | Found a viscous altar of Jiyva.
123992 | Slime:5  | Entered Level 5 of the Pits of Slime
124079 | Slime:5  | Noticed the Royal Jelly
124495 | D:8      | Killed Domino's ghost
124496 | D:8      | Killed Seraphu's ghost
124497 | D:8      | Killed t4s4d4r's ghost
124498 | D:8      | Killed decrepitude's ghost
125433 | Zot:4    | Gained mutation: Potions are less effective at restoring
                  | your health. [an orb of fire]
125439 | Zot:4    | Killed an orb of fire
126251 | Zot:4    | Killed an orb of fire
127548 | Zot:4    | Noticed Vv
130630 | Crypt:3  | Found a staircase to the Tomb.
130910 | Crypt:3  | Reached skill level 27 in Air Magic
131313 | Crypt:3  | Noticed an ancient lich
131319 | Crypt:3  | Killed an ancient lich
131524 | Crypt:3  | Found an ancient bone altar of Kikubaaqudgha.
131527 | Crypt:3  | Found a basalt altar of Yredelemnul.
131571 | Crypt:3  | Got Sif Muna's Handbook of Quantum Variation
131836 | Crypt:3  | Identified the ring "Vyuza" {*Slow rC+ Str-2 Int+4 Dex+8}
132500 | Depths:3 | You paid a toll of 2 scrolls of acquirement to enter a
                  | treasure trove
132501 | Trove    | Entered a treasure trove
132522 | Trove    | Identified the +1 hat of the Old and Reckless {rElec rC+
                  | Will- Dex+4}
132544 | Trove    | Identified the +8 eveningstar "Embalmer" {antimagic, rPois
                  | rF+}
132558 | Trove    | Lost mutation: Your spells are a little easier to cast, but
                  | a little less powerful. [potion of mutation]
132558 | Trove    | Lost mutation: Your muscles are strong. (Str +4, Int/Dex
                  | -1) [potion of mutation]
132558 | Trove    | Lost mutation: Potions are less effective at restoring your
                  | health. [potion of mutation]
132558 | Trove    | Gained mutation: You are weak. (Str -2) [potion of
                  | mutation]
132559 | Trove    | Lost mutation: You are resistant to electric shocks.
                  | (rElec) [potion of mutation]
132559 | Trove    | Lost mutation: You have a pair of small antennae on your
                  | head. [potion of mutation]
132559 | Trove    | Lost mutation: You are weak. (Str -2) [potion of mutation]
132559 | Trove    | Gained mutation: You have hidden genetic defects. [potion
                  | of mutation]
132560 | Trove    | Lost mutation: You occasionally lose the ability to read
                  | scrolls when taking damage. [potion of mutation]
132560 | Trove    | Lost mutation: You have hidden genetic defects. [potion of
                  | mutation]
132560 | Trove    | Gained mutation: You are agile. (Dex +4, Str/Int -1)
                  | [potion of mutation]
132560 | Trove    | Gained mutation: Your system is resistant to poisons.
                  | (rPois) [potion of mutation]
133906 | Hell     | Killed Geryon
134412 | Zot:5    | Entered Level 5 of the Realm of Zot
135666 | Zot:5    | Identified the +1 scale mail of Ethics {SInv Stlth+}
136165 | Zot:5    | Noticed an orb of fire
136177 | Zot:5    | Gained mutation: Your spells are a little easier to cast,
                  | but a little less powerful. [an orb of fire]
136178 | Zot:5    | Killed an orb of fire
136500 | Hell     | Gained mutation: You are dopey. (Int -2) [a cacodemon]
137318 | Hell     | Found a gateway to the Iron City of Dis.
137437 | Hell     | Found a gateway to the decaying netherworld of Tartarus.
137482 | Hell     | Found a gateway to the ashen valley of Gehenna.
137670 | Hell     | Found a gateway to the freezing wastes of Cocytus.
138138 | Zot:4    | Killed Vv
138274 | Zot:5    | Noticed an orb of fire
138276 | Zot:5    | Gained mutation: You sometimes lose your temper in combat.
                  | [an orb of fire]
138279 | Zot:5    | Gained mutation: You are very dopey. (Int -4) [an orb of
                  | fire]
138288 | Zot:5    | Killed an orb of fire
138436 | Zot:5    | Lost mutation: Your system is resistant to poisons. (rPois)
                  | [potion of mutation]
138436 | Zot:5    | Lost mutation: You sometimes lose your temper in combat.
                  | [potion of mutation]
138436 | Zot:5    | Lost mutation: Your spells are a little easier to cast, but
                  | a little less powerful. [potion of mutation]
138436 | Zot:5    | Gained mutation: Potions are less effective at restoring
                  | your health. [potion of mutation]
138436 | Zot:5    | Gained mutation: You have supernaturally acute eyesight.
                  | (SInv) [potion of mutation]
138436 | Zot:5    | Gained mutation: You occasionally lose the ability to drink
                  | potions when taking damage. [potion of mutation]
138436 | Zot:5    | Gained mutation: You possess an exceptional clarity of
                  | mind. [potion of mutation]
138509 | Zot:5    | Noticed a dread lich
138605 | Zot:5    | Paralysed by a dread lich for 3 turns
138610 | Zot:5    | Paralysed by a dread lich for 2 turns
138614 | Zot:5    | Killed a dread lich
138845 | Zot:5    | Noticed a dread lich
138850 | Zot:5    | Killed a dread lich
138851 | Zot:5    | Reached skill level 15 in Maces & Flails
139121 | Zot:5    | Noticed an orb of fire
139134 | Zot:5    | Gained mutation: You occasionally lose the ability to read
                  | scrolls when taking damage. [an orb of fire]
139142 | Zot:5    | Killed an orb of fire
139185 | Zot:5    | Noticed a dread lich
139192 | Zot:5    | Killed a dread lich
139412 | Zot:5    | Noticed a dread lich
139472 | Zot:5    | Paralysed by a dread lich for 3 turns
139672 | Zot:5    | Killed a dread lich
140014 | Zot:5    | Noticed an ancient lich
140645 | Zot:5    | Killed an ancient lich
140731 | Zot:5    | Noticed an ancient lich
140736 | Zot:5    | Killed an ancient lich
142778 | Slime:5  | Killed the Royal Jelly
143626 | Slime:5  | Got a slimy rune of Zot
143633 | Slime:5  | Found the +7 lajatang of Order {silver, rMut}
143638 | Slime:5  | Got Mecyj's Commentary on Command
143666 | Slime:5  | Identified the ring "Muthefah" {Ice Dex+3}
143686 | Slime:5  | Identified the +10 demon blade of Traps {spect, rC+ Dex+2
                  | Stlth+}
143724 | Slime:5  | Identified the +5 scale mail of Impermeability {rF+}
143727 | Slime:5  | Identified the -2 pair of gloves "Udetercha" {Str+3}
144384 | D:13     | Acquired the +1 cloak of Starlight {*Dazzle EV+4 Stlth--}
144384 | D:13     | Found the +1 cloak of Starlight {*Dazzle EV+4 Stlth--}
144566 | Geh:1    | Entered Level 1 of Gehenna
144566 | Geh:1    | Noticed a dread lich
144571 | Geh:1    | Killed a dread lich
144572 | Geh:1    | Reached skill level 1 in Long Blades
144773 | Geh:1    | Reached skill level 1 in Ice Magic
145341 | Geh:2    | Noticed an ancient lich
145472 | Geh:2    | Killed an ancient lich
145830 | Geh:3    | Reached skill level 5 in Long Blades
146605 | Orc:2    | Bought a pair of masterwork gloves for 313 gold pieces
146605 | Orc:2    | Identified the +4 pair of gloves "Suduopp" {rPois Int+3}
                  | (You bought it in a shop on level 2 of the Orcish Mines)
146681 | Orc:2    | Killed Aryth's ghost
147023 | Pan      | Entered Pandemonium
147552 | Pan      | Noticed Ciutiasu the pandemonium lord
147552 | Pan      | Identified the +6 glaive "Doarut" {vorpal, Int+6 Stlth+}
147566 | Pan      | Killed Ciutiasu the pandemonium lord
147582 | Abyss:3  | Cast into level 3 of the Abyss (a deep elf sorcerer)
147621 | Abyss:3  | Found a stormy altar of Qazlal.
147744 | Abyss:4  | Found a corrupted altar of Lugonu.
147855 | Pan      | Escaped the Abyss
148327 | Pan      | Found an ancient bone altar of Kikubaaqudgha.
148703 | Pan      | Noticed Hohuceam the pandemonium lord
148715 | Pan      | Killed Hohuceam the pandemonium lord
149296 | Pan      | Gained mutation: You sometimes lose the ability to read
                  | scrolls when taking damage. [a cacodemon]
149623 | Pan      | Identified the +1 robe of the Snake Pit {Harm rF- rC- Int+3
                  | Dex+5}
150042 | Pan      | Gained mutation: Armour fits poorly on your strangely
                  | shaped body. [a cacodemon]
150060 | Pan      | Lost mutation: You possess an exceptional clarity of mind.
                  | [a cacodemon]
150070 | Pan      | Noticed Sosiust the pandemonium lord
150122 | Pan      | HP: 5/176 [cacodemon (9)]
150123 | Pan      | HP: 2/174 [poisoned by an orange demon]
150123 | Pan      | Mangled by a cacodemon

Illustrated notes

Levels and vault maps discovered:
D:1:      shiori_shiawase, layout_basic, serial_shops, shop
D:2:      layout_loops_ring, minmay_goblin_kobold_house
D:3:      layout_basic, chequers_ecumenical_altar_simple, serial_shops,
          shop_statue, nicolae_shop_stone,
          nicolae_shop_temple_entry_statues_fountains, shop
D:4:      layout_loops_ring, temple_statues, serial_shops, nicolae_shop_crystal,
          uniq_grinder, uniq_menkaure
D:5:      layout_rooms, zin_scriptorium, uniq_duvessa, uniq_blork_the_orc
D:6:      kennysheep_slugbush, layout_loops_ring, ebering_ghost_sewer_d,
          nicolae_benzene_ring, nicolae_zen_rock_garden,
          uniq_crazy_yiuf_cottage, uniq_pikel
D:7:      layout_basic, uniq_maggie
D:8:      layout_rooms, dpeg_lair_monsters, gammafunk_ghost_cemetery,
          enter_bailey_6, corexii_checkpoint_b, due_unseen_surprise
D:9:      layout_basic, grunt_temple_overflow_open, minmay_misc_feat_chi,
          minmay_gold_behind_fungi, uniq_maurice
D:10:     minmay_imperfect_grid, layout_loops_corners
D:11:     minmay_the_grid_triangle_9x9_rhombus_full
          [minmay_the_grid_triangle_9x9_thin_v,
          minmay_the_grid_triangle_9x9_pentomino_pain,
          minmay_the_grid_triangle_9x9_warning,
          minmay_the_grid_triangle_9x9_steps,
          minmay_the_grid_triangle_9x9_windchime,
          minmay_the_grid_triangle_9x9_shrine,
          minmay_the_grid_triangle_9x9_dagger,
          minmay_the_grid_triangle_9x9_prize_special], layout_long_grid
D:12:     layout_rooms, gammafunk_ghost_berserking_beasts, serial_shops, shop,
          uniq_josephine
D:13:     layout_long_grid
D:14:     gammafunk_mikee_crab_dinner, layout_loops_cross, erik_vaults_2,
          serial_shops, nicolae_square_shop, drop_trap, uniq_frances, uniq_lodul
D:15:     gammafunk_enter_depths_forms, layout_layer_cave
Temple:   lightli_temple_of_artemis
Lair:1:   layout_long_grid, fungi_pond_lemuel
Lair:2:   layout_loops_ring, gammafunk_ghost_necromancy, serial_bayou_ford_a,
          beast_lair_carwin_5, uniq_urug, uniq_erica, uniq_fannar
Lair:3:   layout_cave_pods, elwin_shoals_entry_rocks, spider_nest_entry_a,
          fungi_pond_lemuel, grunt_forest_large_clearings
Lair:4:   layout_cave_shapes, serial_bayou_shore_a
Lair:5:   evilmike_catoblepas_cave, layout_hall_layers,
          minmay_slime_entry_pillars, columned_hall_lemuel, st_stairs_5
Shoals:1: layout_shoals, nicolae_shoals_sun_and_surf
Shoals:2: layout_shoals, nicolae_shoals_this_corrosion, uniq_ilsuiw
Shoals:3: layout_shoals
Shoals:4: shoals_end_simple, layout_shoals, shoal_ilsuiw, serial_shops,
          nicolae_shop_waterfront, nicolae_shoals_goliath_grotto
Spider:1: nicolae_spider_hilbert_zone_2 [nicolae_spider_hilbert_4_sides_1_open,
          nicolae_spider_hilbert_4_sides_1_open,
          nicolae_spider_hilbert_4_sides_1_open,
          nicolae_spider_hilbert_4_sides_1_open,
          nicolae_spider_hilbert_6_sides_1_open,
          nicolae_spider_hilbert_6_sides_1_open,
          nicolae_spider_hilbert_3_sides_1_open,
          nicolae_spider_hilbert_3_sides_1_open,
          nicolae_spider_hilbert_3_sides_1_open,
          nicolae_spider_hilbert_3_sides_1_open,
          nicolae_spider_hilbert_6_sides_1_open,
          nicolae_spider_hilbert_6_sides_1_open,
          nicolae_spider_hilbert_6_sides_1_open,
          nicolae_spider_hilbert_6_sides_1_open],
          portal_ice_cave_entry_ugly_swarm
Spider:2: layout_spider_delve
Spider:3: cheibrodos_spider_deadly_dance, spiders_nest_ghost_moth_duel
Spider:4: spider_rune_water
Slime:1:  layout_caves, cheibrodos_slime_lost_civilization_4
Slime:2:  layout_caves, basic_altar
Slime:3:  layout_caves
Slime:4:  layout_caves
Slime:5
Orc:1:    layout_caves, uniq_nergalle
Orc:2:    st_orc_town, layout_caves, maelrawn_ghost_gauntlet_escape,
          elves_outpost_lemuel, uniq_nessos, uniq_sonja
Elf:1:    eino_elf_arrival_altar, layout_gridlike, hangedman_corner_corridor
Elf:2:    elven_hall_of_blades_hangedman_original [nicolae_blade_little_rooms],
          layout_loops_corners
Elf:3:    minmay_elf_hall_hex, layout_gridlike, serial_shops,
          nicolae_square_shop, uniq_roxanne
Vaults:1: v_misc_15, nicolae_vaults_little_ls, vaults_room_fours, v_misc_28,
          dpeg_vaults_monster_box, vaults_room_semicircle,
          layout_vaults_omnigrid, serial_shops, nicolae_lakefront_shop,
          nicolae_shop_hallway_stairs, nicolae_shop_overgrown_old_shop,
          uniq_aizul
Vaults:2: ebering_ghost_xom, nicolae_vaults_twisting_passages, st_cross,
          hangedman_vaults_variations, v_misc_12, ontoclasm_vaults_twist,
          vaults_mumra_minichess, layout_vaults_chaotic_city
Vaults:3: v_alt_pattern_5, hangedman_vaults_impose, v_misc_22,
          ontoclasm_vaults_spin, v_misc_16, grunt_vaults_trifunnel,
          minmay_crypt_entry_simple_plaza, v_misc_13, vaults_room_pool,
          nicolae_vaults_little_squares_3, vaults_dpeg_ring,
          layout_vaults_maze_bifur, uniq_margery, uniq_xtahua
Vaults:4: st_quartered_hall, v_misc_32, v_misc_9,
          nicolae_vaults_mini_display_case, vaults_room_boxed, v_rooms_5,
          nicolae_vaults_triangles, ontoclasm_vaults_shuriken,
          grunt_vaults_diagonal, vaults_room_hallway, layout_vaults_omnibox,
          serial_shops, shop
Vaults:5
Crypt:1:  layout_misc_corridors, lemuel_upstairs_altar,
          grunt_crypt_arrival_split
Crypt:2:  layout_misc_corridors, grunt_megastairs_3
Crypt:3:  lightli_unholy_cathedral, layout_chaotic_city,
          tomb_entry_forgotten_bobbens, grunt_ministairs_14
Depths:1: nzn_winding_woodlands_stair_cross [nzn_winding_woodlands_5x15_pool,
          nzn_winding_woodlands_center_lodge,
          nzn_winding_woodlands_5x15_sawtooth, nzn_winding_woodlands_5x5_cross,
          nzn_winding_woodlands_5x5_open_star,
          nzn_winding_woodlands_5x15_zeroes,
          nzn_winding_woodlands_center_pierced_h,
          nzn_winding_woodlands_5x15_eye], layout_cave_shapes, lightli_too_deep,
          abyss_entry, good_gods_mini_temple, lemuel_freeze_loot_1,
          uniq_enchantress, uniq_mara, uniq_sojobo
Depths:2: hangedman_arch_fort, layout_gridlike, rand_demon_pan_entry_1,
          serial_bayou_pond_e, grunt_hell_entry_dis_mu,
          kennysheep_generic_room_7, minmay_staircase_windowed_small,
          uniq_asterion
Depths:3: minmay_chopped_fan, layout_honeycomb, enter_trove_5, hell_entry,
          minmay_room_of_horrors, nzn_wu_jian_contemplation, minmay_door_square,
          hellmonk_scarab_ruin
Depths:4: evilmike_zot_entry_diamond, layout_twisted_cross, enter_ziggurat_f,
          serial_co_window_serial, co_window_paths_a,
          co_window_of_opportunity_a, co_window_corner_a, co_window_corner_a,
          co_window_paths_b, co_window_paths_a, co_window_of_opportunity_b,
          co_window_broadway_c, co_window_of_opportunity_b, co_window_cross_2,
          co_window_corner_b, co_window_unsneaky_path_c, co_window_sun,
          glass_columns_a, glass_columns_b, hell_entry, corexii_hall_statues_i
Hell
Geh:1:    layout_gehenna_lava_caves
Geh:2:    layout_gehenna_pools_basic
Geh:3:    layout_gehenna_lava_caves
Zot:1:    layout_concentric_octagons, grunt_megastairs_5
Zot:2:    layout_misc_corridors, zot_minivault_1
Zot:3:    layout_basic
Zot:4:    lemuel_draconian_sentries_small, layout_misc_corridors, uniq_vv
Zot:5:    layout_misc_corridors
Pan:      evilmike_mini_pan_pillars_b, layout_gridlike, reaverb_pan_squares,
          evilmike_mini_pan_branches, layout_pan_divisions_a
          [pan_division_quadrant_a6, pan_division_quadrant_a3,
          pan_division_quadrant_a3, pan_division_quadrant_a1,
          pan_division_octagon_altar], pan_blood_fountain_small,
          evilmike_mini_pan_thingy, layout_rooms

Skill      XL: |  1  2  3  4  5  6  7  8  9 10 11 12 13 14 15 16 17 18 19 20 21 22 23 24 25 26 27 |
---------------+----------------------------------------------------------------------------------+-----
Air Magic      | 5 6 7 8 9 10 12 13 14 16 17 18 19 20 22 24 27 | 27.0
Spellcasting   | 3 4 6 8 10 11 12 13 14 15 16 17 18 19 | 19.5
Armour         | 1 2 3 5 6 7 8 9 10 11 12 14 | 14.4
Conjurations   | 2 4 6 8 10 11 13 15 18 19 20 21 22 23 24 25 26 27 | 27.0
Short Blades   | 1 |  1.5
Fighting       | 1 2 4 6 8 9 10 11 12 13 15 16 17 18 | 18.9
Dodging        | 3 4 6 8 9 11 13 14 15 16 18 | 18.3
Shields        | 3 5 7 8 10 12 13 15 21 | 21.0
Maces & Flails | 2 4 6 7 8 9 10 11 12 13 14 15 | 15.9
Fire Magic     | 1 5 6 7 8 9 10 11 | 11.2
Evocations     | 3 6 9 |  9.4
Summonings     | 1 4 |  4.7
Long Blades    | 9 |  9.8
Ice Magic      | 3 |  3.0
Stealth        | 3 |  3.7
Staves         | |  0.5

Action                   |  1- 3 |  4- 6 |  7- 9 | 10-12 | 13-15 | 16-18 | 19-21 | 22-24 | 25-27 || total
-------------------------+-------+-------+-------+-------+-------+-------+-------+-------+-------++-------
Melee: Mace              |     2 |       |       |       |       |       |       |       |       ||     2
       Kick              |     3 |     2 |    15 |    35 |    89 |   170 |   396 |   394 |  1138 ||  2242
       Dagger            |    11 |     5 |    33 |    32 |       |       |       |       |       ||    81
       Peck              |     4 |       |     8 |    31 |    51 |   124 |   228 |   242 |   736 ||  1424
       Punch             |       |     2 |     1 |       |       |       |       |       |       ||     3
       Demon whip        |       |       |       |    97 |   273 |   453 |   746 |   792 |  1625 ||  3986
       Great mace        |       |       |       |       |       |       |       |       |    10 ||    10
       Quarterstaff      |       |       |       |       |       |       |       |       |     8 ||     8
       Demon blade       |       |       |       |       |       |       |       |       |   286 ||   286
 Cast: Shock             |    54 |    87 |   132 |   168 |   439 |   248 |   259 |   158 |   216 ||  1761
       Static Discharge  |     2 |    12 |    24 |    21 |    13 |    40 |    16 |    11 |    16 ||   155
       Airstrike         |       |       |    41 |   114 |    83 |   188 |    97 |   122 |   149 ||   794
       Iskenderun's Batt |       |       |       |    41 |   142 |    23 |       |       |    83 ||   289
       Fireball          |       |       |       |       |    74 |    96 |    98 |   102 |    88 ||   458
       Conjure Ball Ligh |       |       |       |       |     2 |       |     1 |     2 |       ||     5
       Orb of Destructio |       |       |       |       |    15 |   101 |   128 |   134 |   252 ||   630
       Freezing Cloud    |       |       |       |       |       |       |       |   117 |   198 ||   315
       Starburst         |       |       |       |       |       |       |       |    25 |    22 ||    47
       Summon Lightning  |       |       |       |       |       |       |       |       |   103 ||   103
       Lightning Bolt    |       |       |       |       |       |       |       |       |    83 ||    83
       Chain Lightning   |       |       |       |       |       |       |       |       |    20 ||    20
Evoke: Wand              |       |       |       |     2 |     5 |     1 |       |       |     6 ||    14
       Horn of Geryon    |       |       |       |       |       |       |       |       |     3 ||     3
  Use: Scroll            |     8 |       |    14 |     4 |     7 |     4 |     4 |    20 |    29 ||    90
       Potion            |       |       |     1 |     1 |     2 |     3 |     3 |    15 |    38 ||    63
 Stab: Sleeping          |     1 |       |       |     1 |     1 |     6 |    25 |    10 |     7 ||    51
       Distracted        |       |       |     1 |       |     3 |     2 |     4 |     4 |    42 ||    56
       Invisible         |       |       |       |       |       |       |       |       |     2 ||     2
Armor: Robe              |     2 |       |       |       |       |       |       |       |       ||     2
       Leather armour    |       |       |     6 |    14 |       |       |       |       |       ||    20
       Acid dragon scale |       |       |       |    18 |    35 |       |       |       |       ||    53
       Ring mail         |       |       |       |       |       |    62 |     2 |       |       ||    64
       Scale mail        |       |       |       |       |       |       |    56 |    92 |    70 ||   218
       Gold dragon scale |       |       |       |       |       |       |       |       |    11 ||    11
       Fire dragon scale |       |       |       |       |       |       |       |       |   285 ||   285
Dodge: Dodged            |     8 |    12 |    40 |   114 |   203 |   409 |   374 |   293 |  1437 ||  2890
Block: Buckler           |       |       |    10 |    46 |   125 |   329 |   169 |       |       ||   679
       Reflection        |       |       |       |       |     6 |    40 |    46 |    38 |    43 ||   173
       Kite shield       |       |       |       |       |       |       |   200 |    88 |       ||   288
       Tower shield      |       |       |       |       |       |       |       |   651 |  2749 ||  3400
       Other             |       |       |       |       |       |       |       |       |     3 ||     3
